[ AOE2 MATCH · #513894821 ]
UnrankedPoles vs Spanish
Player's team · WIN
Rival team · LOSS
[ REPLAY ANALYSIS · EXTRACTED FROM THE RECORDED GAME ]
Feudal
8:25
Castle
20:06
Imperial
—
| APM avg | 87.6 |
| APM peak | 126 |
| eAPM avg | 40.1 |
| Villagers / military | 206 / 87 |
Focus
⚔️ 43.8% · 🌾 56.2%
Ballestero montado ×50 · Scout Cavalry ×16 · Skirmisher ×13 · Monk ×8
Feudal
10:05
Castle
14:01
Imperial
—
| APM avg | 90.4 |
| APM peak | 131 |
| eAPM avg | 36.7 |
| Villagers / military | 102 / 32 |
Focus
⚔️ 54.2% · 🌾 45.8%
Conquistador ×30 · Missionary ×2
Match map
Initial resources + every placement click. Lines = walls · curves = elevation contours. ◆ gold · ⬟ stone · ● berries · ✦ relic · ◌ wall gap
Your base· ✓ Closed at 20:06 · 52t walls · no gate
SalzZ_AntagonisT's base· Open — unwalled flank
Smoothed initial terrain · ◌ = detected wall gap · hover for details
Inputs per minute
— repard - - SalzZ_AntagonisT
Build order — repard
First 150 of 454 actions detected
| 0:00 | queue | Villager (Male) |
| 0:01 | Build | House |
| 0:02 | Build | House |
| 0:09 | queue | Villager (Male) |
| 0:09 | queue | Villager (Male) |
| 0:13 | queue | Villager (Male) |
| 0:14 | queue | Villager (Male) |
| 1:22 | queue | Villager (Male) |
| 1:22 | queue | Villager (Male) |
| 1:56 | Build | Lumber Camp |
| 1:58 | queue | Villager (Male) |
| 2:19 | queue | Villager (Male) |
| 2:51 | queue | Villager (Male) |
| 3:07 | queue | Villager (Male) |
| 3:32 | queue | Villager (Male) |
| 3:32 | queue | Villager (Male) |
| 3:42 | Build | House |
| 4:02 | queue | Villager (Male) |
| 4:39 | queue | Villager (Male) |
| 4:39 | queue | Villager (Male) |
| 4:39 | queue | Villager (Male) |
| 4:50 | Build | Mill |
| 5:05 | queue | Villager (Male) |
| 5:18 | Research | Loom |
| 6:08 | Build | Palisade Wall |
| 6:12 | Research | Feudal Age |
| 6:38 | queue | Villager (Male) |
| 6:38 | queue | Villager (Male) |
| 7:05 | Build | Barracks |
| 7:33 | queue | Villager (Male) |
| 8:13 | queue | Villager (Male) |
| 8:25 | Age | Feudal Age |
| 8:26 | Build | Stable |
| 8:40 | Build | House |
| 9:03 | queue | Scout Cavalry |
| 9:03 | queue | Scout Cavalry |
| 9:10 | queue | Villager (Male) |
| 9:11 | Research | Double-Bit Axe |
| 9:24 | queue | Villager (Male) |
| 9:31 | queue | Villager (Male) |
| 10:02 | queue | Villager (Male) |
| 10:06 | Build | Watch Tower |
| 10:17 | queue | Villager (Male) |
| 10:26 | queue | Scout Cavalry |
| 10:27 | queue | Villager (Male) |
| 10:38 | queue | Villager (Male) |
| 10:44 | queue | Villager (Male) |
| 10:51 | Build | House |
| 10:52 | queue | Villager (Male) |
| 10:54 | Build | Mining Camp |
| 10:58 | Research | Horse Collar |
| 11:22 | Build | Farm |
| 11:31 | queue | Villager (Male) |
| 11:32 | queue | Villager (Male) |
| 11:40 | Build | Blacksmith |
| 11:51 | queue | Villager (Male) |
| 11:51 | queue | Villager (Male) |
| 12:00 | queue | Villager (Male) |
| 12:04 | Build | Farm |
| 12:05 | Build | Farm |
| 12:07 | Build | Farm |
| 12:27 | Research | Fletching |
| 12:28 | queue | Villager (Male) |
| 12:41 | Build | Farm |
| 12:42 | Build | Farm |
| 12:55 | queue | Villager (Male) |
| 13:05 | queue | Villager (Male) |
| 13:13 | queue | Scout Cavalry |
| 13:17 | Build | Watch Tower |
| 13:22 | Build | Watch Tower |
| 13:25 | queue | Villager (Male) |
| 13:33 | queue | Villager (Male) |
| 13:35 | queue | Villager (Male) |
| 13:37 | Build | Farm |
| 13:41 | Build | Mill |
| 13:54 | Build | Palisade Wall |
| 13:55 | Build | Palisade Wall |
| 13:56 | Build | Palisade Wall |
| 13:56 | Build | Palisade Wall |
| 13:59 | queue | Villager (Male) |
| 14:07 | Build | House |
| 14:07 | Build | Stone Wall |
| 14:18 | Build | House |
| 14:36 | Build | House |
| 14:42 | Build | Farm |
| 14:43 | Build | Farm |
| 14:46 | queue | Scout Cavalry |
| 14:51 | queue | Villager (Male) |
| 14:54 | Build | Farm |
| 15:17 | queue | Villager (Male) |
| 15:24 | queue | Villager (Male) |
| 15:28 | Build | Stone Wall |
| 15:34 | Build | Watch Tower |
| 15:39 | Build | Farm |
| 15:40 | Build | Farm |
| 15:48 | Build | Stone Wall |
| 15:53 | queue | Villager (Male) |
| 16:25 | Build | Market |
| 16:32 | Build | House |
| 16:43 | Build | Stone Wall |
| 16:50 | Build | Stone Wall |
| 16:50 | Build | Stone Wall |
| 16:57 | queue | Villager (Male) |
| 16:59 | queue | Scout Cavalry |
| 17:10 | Build | Stone Wall |
| 17:11 | Build | Stone Wall |
| 17:22 | Build | Stone Wall |
| 17:26 | Research | Castle Age |
| 17:27 | Research | Castle Age |
| 17:37 | Build | Stone Wall |
| 17:43 | Build | Stone Wall |
| 17:46 | queue | Scout Cavalry |
| 17:55 | queue | Scout Cavalry |
| 17:57 | queue | Villager (Male) |
| 18:08 | queue | Scout Cavalry |
| 18:12 | Build | Stable |
| 18:25 | queue | Scout Cavalry |
| 18:29 | queue | Villager (Male) |
| 18:33 | Build | Watch Tower |
| 18:43 | queue | Villager (Male) |
| 18:56 | queue | Scout Cavalry |
| 19:01 | queue | Villager (Male) |
| 19:08 | Build | House |
| 19:37 | queue | Villager (Male) |
| 19:41 | Build | Watch Tower |
| 19:54 | queue | Villager (Male) |
| 20:06 | Build | House |
| 20:06 | Age | Castle Age |
| 20:10 | queue | Villager (Male) |
| 20:16 | Research | Light Cavalry (upgrade) |
| 20:19 | queue | Villager (Male) |
| 20:25 | queue | Villager (Male) |
| 20:31 | queue | Villager (Male) |
| 20:38 | queue | Villager (Male) |
| 20:42 | queue | Villager (Male) |
| 20:58 | Build | House |
| 20:58 | queue | Villager (Male) |
| 21:00 | queue | Villager (Male) |
| 21:04 | Build | Monastery |
| 21:27 | Build | House |
| 21:32 | Build | Lumber Camp |
| 21:40 | queue | Monk |
| 21:43 | queue | Scout Cavalry |
| 21:44 | queue | Villager (Male) |
| 21:48 | queue | Villager (Male) |
| 21:58 | queue | Villager (Male) |
| 21:58 | queue | Villager (Male) |
| 22:03 | queue | Villager (Male) |
| 22:19 | Research | Bodkin Arrow |
| 22:19 | Research | Bodkin Arrow |
Build order — SalzZ_AntagonisT
First 150 of 206 actions detected
| 0:00 | queue | Villager (Male) |
| 0:01 | queue | Villager (Male) |
| 0:02 | Build | House |
| 0:02 | Build | House |
| 0:05 | queue | Villager (Male) |
| 0:15 | queue | Villager (Male) |
| 1:25 | queue | Villager (Male) |
| 1:25 | queue | Villager (Male) |
| 1:59 | queue | Villager (Male) |
| 1:59 | queue | Villager (Male) |
| 2:10 | Build | Lumber Camp |
| 2:14 | queue | Villager (Male) |
| 2:42 | queue | Villager (Male) |
| 2:43 | queue | Villager (Male) |
| 3:10 | queue | Villager (Male) |
| 3:10 | queue | Villager (Male) |
| 3:35 | queue | Villager (Male) |
| 3:36 | queue | Villager (Male) |
| 3:40 | Build | House |
| 3:52 | queue | Villager (Male) |
| 3:53 | Build | Mill |
| 4:32 | queue | Villager (Male) |
| 4:32 | queue | Villager (Male) |
| 4:50 | queue | Villager (Male) |
| 5:30 | queue | Villager (Male) |
| 5:31 | queue | Villager (Male) |
| 5:35 | Build | House |
| 5:37 | Build | Palisade Wall |
| 5:46 | queue | Villager (Male) |
| 5:56 | queue | Villager (Male) |
| 5:56 | queue | Villager (Male) |
| 6:16 | queue | Villager (Male) |
| 6:39 | queue | Villager (Male) |
| 6:47 | Research | Loom |
| 7:17 | Build | Mining Camp |
| 7:38 | Research | Feudal Age |
| 7:38 | Research | Feudal Age |
| 8:14 | Build | Palisade Wall |
| 8:15 | Build | Palisade Wall |
| 8:29 | queue | Villager (Male) |
| 8:30 | queue | Villager (Male) |
| 10:05 | Age | Feudal Age |
| 10:10 | queue | Villager (Male) |
| 10:18 | Build | Market |
| 10:23 | Build | Palisade Wall |
| 10:31 | queue | Villager (Male) |
| 10:33 | Build | Blacksmith |
| 11:00 | Build | Palisade Wall |
| 11:22 | Research | Castle Age |
| 11:22 | Research | Castle Age |
| 11:45 | Build | Palisade Gate |
| 13:36 | Build | Palisade Wall |
| 13:43 | queue | Villager (Male) |
| 13:53 | Build | Palisade Wall |
| 13:55 | Build | Palisade Wall |
| 14:01 | Age | Castle Age |
| 14:41 | Build | Castle |
| 16:03 | queue | Conquistador |
| 16:38 | Build | Mining Camp |
| 17:06 | queue | Conquistador |
| 17:06 | queue | Conquistador |
| 17:07 | queue | Villager (Male) |
| 17:48 | queue | Conquistador |
| 18:09 | Build | Lumber Camp |
| 19:08 | queue | Villager (Male) |
| 19:32 | Build | Mining Camp |
| 20:50 | queue | Conquistador |
| 20:59 | queue | Conquistador |
| 21:09 | Build | Farm |
| 21:11 | Build | Farm |
| 21:33 | queue | Conquistador |
| 22:15 | queue | Villager (Male) |
| 22:16 | queue | Conquistador |
| 22:46 | queue | Villager (Male) |
| 23:19 | queue | Villager (Male) |
| 23:21 | queue | Villager (Male) |
| 23:22 | Build | Farm |
| 23:32 | queue | Conquistador |
| 23:46 | queue | Villager (Male) |
| 24:37 | queue | Villager (Male) |
| 24:59 | queue | Conquistador |
| 25:03 | queue | Conquistador |
| 25:04 | queue | Conquistador |
| 25:07 | Build | Farm |
| 25:09 | Build | Farm |
| 25:38 | queue | Villager (Male) |
| 25:38 | queue | Villager (Male) |
| 25:55 | queue | Conquistador |
| 26:24 | queue | Villager (Male) |
| 26:24 | queue | Villager (Male) |
| 26:30 | Build | Farm |
| 26:50 | queue | Villager (Male) |
| 27:20 | queue | Villager (Male) |
| 27:54 | queue | Villager (Male) |
| 28:01 | queue | Conquistador |
| 28:05 | Build | Farm |
| 28:08 | Build | Town Center |
| 28:13 | queue | Villager (Male) |
| 28:23 | Build | Farm |
| 28:31 | queue | Villager (Male) |
| 28:52 | queue | Villager (Male) |
| 28:56 | queue | Conquistador |
| 28:56 | queue | Conquistador |
| 29:00 | Build | Farm |
| 29:12 | Build | Farm |
| 29:13 | queue | Villager (Male) |
| 29:21 | queue | Villager (Male) |
| 29:31 | queue | Villager (Male) |
| 29:31 | queue | Villager (Male) |
| 29:45 | Build | Farm |
| 29:49 | queue | Villager (Male) |
| 29:59 | Build | Farm |
| 30:05 | queue | Villager (Male) |
| 30:20 | queue | Villager (Male) |
| 30:35 | queue | Villager (Male) |
| 30:46 | queue | Villager (Male) |
| 30:54 | Research | Horse Collar |
| 30:56 | Research | Double-Bit Axe |
| 31:10 | queue | Villager (Male) |
| 31:12 | queue | Villager (Male) |
| 31:24 | Build | Farm |
| 31:26 | Build | Farm |
| 31:32 | Build | Mining Camp |
| 31:39 | queue | Villager (Male) |
| 31:39 | queue | Villager (Male) |
| 31:43 | queue | Villager (Male) |
| 31:43 | queue | Villager (Male) |
| 31:43 | queue | Villager (Male) |
| 31:52 | Build | House |
| 31:55 | queue | Villager (Male) |
| 32:06 | queue | Villager (Male) |
| 32:08 | Build | Monastery |
| 32:10 | Build | House |
| 32:15 | queue | Villager (Male) |
| 32:28 | queue | Conquistador |
| 32:28 | queue | Conquistador |
| 32:34 | queue | Villager (Male) |
| 32:34 | queue | Villager (Male) |
| 33:06 | queue | Villager (Male) |
| 33:13 | queue | Conquistador |
| 33:38 | queue | Villager (Male) |
| 33:38 | queue | Villager (Male) |
| 33:43 | queue | Villager (Male) |
| 33:50 | queue | Missionary |
| 33:52 | queue | Villager (Male) |
| 33:55 | Build | Farm |
| 33:55 | queue | Villager (Male) |
| 33:57 | Build | Farm |
| 33:59 | Build | Farm |
| 33:59 | Build | Farm |
Match timeline
| 5:37 | SalzZ_AntagonisT · wall_segment Palisade Wall x3 |
| 6:08 | repard · wall_segment Palisade Wall x1 |
| 7:05 | repard · first_building Barracks |
| 8:14 | SalzZ_AntagonisT · wall_segment Palisade Wall x1 |
| 8:15 | SalzZ_AntagonisT · wall_segment Palisade Wall x1 |
| 8:25 | repard · age_up feudal |
| 8:26 | repard · first_building Stable |
| 10:05 | SalzZ_AntagonisT · age_up feudal |
| 10:23 | SalzZ_AntagonisT · wall_segment Palisade Wall x1 |
| 11:00 | SalzZ_AntagonisT · wall_segment Palisade Wall x4 |
| 11:19 | SalzZ_AntagonisT · first_market_sell 100 wood |
| 13:36 | SalzZ_AntagonisT · wall_segment Palisade Wall x1 |
| 13:53 | SalzZ_AntagonisT · wall_segment Palisade Wall x1 |
| 13:54 | repard · wall_segment Palisade Wall x1 |
| 13:55 | repard · wall_segment Palisade Wall x1 |
| 13:55 | SalzZ_AntagonisT · wall_segment Palisade Wall x1 |
| 13:56 | repard · wall_segment Palisade Wall x1 |
| 13:56 | repard · wall_segment Palisade Wall x1 |
| 14:01 | SalzZ_AntagonisT · age_up castle |
| 14:07 | repard · wall_segment Stone Wall x1 |
| 14:08 | SalzZ_AntagonisT · first_market_buy 100 stone |
| 14:41 | SalzZ_AntagonisT · first_building Castle |
| 15:28 | repard · wall_segment Stone Wall x6 |
| 15:48 | repard · wall_segment Stone Wall x12 |
| 16:43 | repard · wall_segment Stone Wall x1 |
| 16:50 | repard · wall_segment Stone Wall x1 |
| 16:50 | repard · wall_segment Stone Wall x1 |
| 17:10 | repard · wall_segment Stone Wall x8 |
| 17:11 | repard · wall_segment Stone Wall x2 |
| 17:22 | repard · wall_segment Stone Wall x7 |
| 17:24 | repard · first_market_sell 100 wood |
| 17:37 | repard · wall_segment Stone Wall x1 |
| 17:43 | repard · wall_segment Stone Wall x8 |
| 20:06 | repard · age_up castle |
| 21:02 | repard · first_market_buy 100 wood |
| 21:04 | repard · first_building Monastery |
| 23:58 | repard · wall_segment Stone Wall x1 |
| 25:06 | repard · wall_segment Stone Wall x2 |
| 28:46 | repard · wall_segment Palisade Wall x1 |
| 30:59 | repard · first_building Archery Range |
| 32:08 | SalzZ_AntagonisT · first_building Monastery |
| 35:40 | SalzZ_AntagonisT · first_building Barracks |
| 40:43 | repard · first_building Castle |
| 40:49 | SalzZ_AntagonisT · resign |
[ AI ANALYSIS · 1 CREDIT ]
What really happened in this match?
Wolo.gg analyzes every decision: build order, eco, micro, common mistakes by bracket. Personalized analysis on WhatsApp or Discord in 30 seconds.
Civ guide
Poles
Perfil
Jugador #222528